AoeStats
← 清风与我

Arena

510713580Analyzed
2v2 RM · 11h ago on Oct 2, 2026· 61m 50s· 4 players
Game mode
Random Map
Map size
Medium (4 player)
Population
200
Speed
Normal
Resources
Standard
Victory
Conquest
Starting age
Dark Age
Ending age
Imperial Age
RankedLock teamsTeams togetherTeam positionsShared explorationLock speedFull tech treeHidden civsTurbo modeCheats
Victory
Defeat
🇨🇳 Spanish · China
831
+17
🇦🇺 Italians · Australia
674
+23
🇨🇳 Portuguese · China
926
-23
🇨🇳 Teutons · China
776
-17
清风与我
0:30 Loom
10:14 Feudal Age
11:42 Wheelbarrow
11:00 Double-Bit Axe
11:30 Gold Mining
11:58 Horse Collar
20:15 Castle Age
18:46 Stone Mining
20:17 Pikeman
20:25 Pikeman
23:05 Hand Cart
32:50 Imperial Age
32:43 Stone Shaft Mining
34:45 Bow Saw
36:24 Husbandry
36:35 Bloodlines
41:57 Squires
41:45 Cavalier
42:32 Halberdier
43:29 Fortified Wall
43:30 Masonry
43:41 Ballistics
43:09 Arrowslits
43:37 Forging
43:32 Scale Barding Armor
43:27 Scale Mail Armor
43:18 Fletching
43:28 Padded Archer Armor
49:57 Chemistry
49:28 Architecture
49:12 Town Watch
49:45 Chain Mail Armor
49:50 Chain Barding Armor
50:05 Iron Casting
49:45 Leather Archer Armor
49:25 Bodkin Arrow
49:40 Caravan
50:49 Two-Man Saw
49:51 Heavy Plow
49:57 Town Patrol
50:41 Paladin
52:38 Plate Mail Armor
52:43 Plate Barding Armor
53:13 Elite Conquistador
57:56 Plate Barding Armor
58:22 Blast Furnace
57:22 Bracer
57:52 Ring Archer Armor
61:01 Redemption
60:51 Atonement
fat sandwiches
11:10 Feudal Age
17:50 Castle Age
15:51 Horse Collar
15:59 Double-Bit Axe
17:50 Gold Mining
17:53 Stone Mining
23:59 Town Watch
26:05 Wheelbarrow
29:39 Imperial Age
27:25 Bow Saw
28:42 Hand Cart
32:13 Two-Man Saw
31:17 Fletching
32:31 Chemistry
31:52 Ballistics
31:15 Treadmill Crane
31:38 Murder Holes
32:09 Squires
32:52 Forging
34:15 Conscription
34:06 Husbandry
36:21 Arson
35:58 Pikeman
37:50 Cavalier
38:41 Bloodlines
38:00 Light Cavalry
39:18 Bodkin Arrow
39:36 Forging
39:26 Padded Archer Armor
42:35 Elite Genoese Crossbowman
43:53 Hoardings
43:41 Silk Road
43:47 Silk Road
42:51 Capped Ram
44:59 Caravan
45:13 Guilds
46:10 Bracer
46:26 Leather Archer Armor
46:23 Hussar
53:03 Scale Barding Armor
53:34 Iron Casting
53:30 Ring Archer Armor
53:02 Scale Mail Armor
55:30 Pirotechnia
55:29 Thumb Ring
Tony662660
12:13 Feudal Age
13:10 Gold Mining
16:13 Castle Age
20:52 Imperial Age
20:02 Loom
20:45 Loom
24:21 Fletching
25:55 Chemistry
27:07 Bodkin Arrow
28:18 Fortified Wall
27:50 Treadmill Crane
28:01 Double-Bit Axe
28:44 Town Watch
29:34 Wheelbarrow
29:16 Stone Mining
30:27 Bracer
30:49 Ballistics
32:09 Masonry
31:50 Guard Tower
32:08 Scale Barding Armor
33:22 Architecture
34:10 Bow Saw
34:23 Siege Engineers
34:14 Murder Holes
36:15 Chain Barding Armor
36:19 Conscription
36:18 Hand Cart
38:23 Plate Barding Armor
37:50 Town Patrol
38:59 Arquebus
40:00 Guilds
40:23 Coinage
40:48 Forging
43:57 Keep
44:54 Iron Casting
44:19 Scale Mail Armor
45:23 Two-Man Saw
45:14 Onager
50:27 Blast Furnace
49:42 Chain Mail Armor
49:28 Padded Archer Armor
50:03 Banking
53:57 Plate Mail Armor
53:42 Leather Archer Armor
58:58 Cavalier
58:58 Light Cavalry
59:49 Bloodlines
59:39 Husbandry
嗯
12:23 Feudal Age
13:16 Double-Bit Axe
13:16 Horse Collar
14:14 Wheelbarrow
16:33 Stone Mining
16:33 Gold Mining
22:27 Castle Age
24:18 Hand Cart
24:20 Bow Saw
27:07 Heavy Plow
27:45 Stone Shaft Mining
37:30 Imperial Age
37:25 Bloodlines
39:19 Two-Man Saw
38:53 Crop Rotation
40:11 Crenellations
40:28 Hoardings
40:38 Hoardings
43:22 Conscription
44:15 Masonry
44:16 Fortified Wall
43:52 Arrowslits
47:36 Ballistics
48:19 Chemistry
47:27 Siege Engineers
47:32 Scale Barding Armor
47:28 Scale Mail Armor
47:38 Forging
47:19 Fletching
47:29 Padded Archer Armor
50:11 Bombard Tower
49:41 Heavy Mounted Crossbowman
49:46 Cavalier
49:57 Elite Teutonic Knight
51:31 Loom
55:45 Ironclad
55:26 Guard Tower
55:38 Bodkin Arrow
55:59 Leather Archer Armor
56:04 Chain Barding Armor
56:00 Chain Mail Armor
56:21 Iron Casting
Connection lost

Rejoining the realm…

Still unreachable

The connection could not be restored.

Session expired

The server has moved on; the page needs a fresh start.